 Dungeon Crawl Stone Soup version 0.27-a0-1334-g2746e35aca (webtiles) character file.

Game seed: 9737943904249658720

5 Gargoyl the Skirmisher (level 1, -4/20 HPs)
             Began as a Gnoll Abyssal Knight on June 26, 2021.
             Was a Follower of Lugonu.
             Slain by a lich (8 damage)
             ... on level 1 of the Abyss.
             The game lasted 00:00:18 (163 turns).

Gargoyl the Skirmisher (Gnoll Abyssal Knight)        Turns: 163, Time: 00:00:18

Health: -4/20      AC:  5    Str: 11    XL:     1   Next: 80%
Magic:  3/3        EV: 11    Int: 11    God:    Lugonu [*.....]
Gold:   8          SH:  0    Dex: 11    Spells: 0/0 levels left

rFire    . . .     SeeInvis .   a - +1 hand axe
rCold    . . .     Faith    .   (no shield)
rNeg     . . .     Spirit   .   b - +0 leather armour
rPois    .         Reflect  .   (no helmet)
rElec    .         Harm     .   (no cloak)
rCorr    .         Rampage  .   (no gloves)
Will     .....                  (no boots)
Stlth    +.........             (no amulet)
HPRegen  0.00/turn              (no ring)
MPRegen  0.08/turn              (no ring)

@: diseased
A: fangs 1, strong nose, distributed training, iridescent scales 1, frail 1
a: Renounce Religion, Depart the Abyss


You were on level 1 of the Abyss.
You worshipped Lugonu.
Lugonu was aware of your devotion.
You visited 0 branches of the dungeon, and saw 0 of its levels.
You visited the Abyss 1 time.

You collected 8 gold pieces.

Inventory:

Hand Weapons
 a - a +1 hand axe (weapon)
Armour
 b - a +0 leather armour (worn)


   Skills:
 + Level 6.4 Fighting
 + Level 0.1 Short Blades
 + Level 0.1 Long Blades
 + Level 4.4 Axes
 + Level 0.1 Maces & Flails
 + Level 0.1 Polearms
 + Level 0.1 Staves
 + Level 0.1 Slings
 + Level 0.1 Bows
 + Level 0.1 Crossbows
 + Level 0.1 Throwing
 + Level 4.4 Armour
 + Level 2.4 Dodging
 + Level 0.1 Stealth
 + Level 0.1 Shields
 + Level 0.1 Unarmed Combat
 + Level 0.1 Spellcasting
 + Level 0.1 Conjurations
 + Level 0.1 Hexes
 + Level 0.1 Summonings
 + Level 0.1 Necromancy
 + Level 0.1 Translocations
 + Level 0.1 Transmutations
 + Level 0.1 Fire Magic
 + Level 0.1 Ice Magic
 + Level 0.1 Air Magic
 + Level 0.1 Earth Magic
 + Level 0.1 Poison Magic
 + Level 4.4 Invocations
 + Level 0.1 Evocations


You couldn't memorise any spells.
You didn't know any spells.
Your spell library was empty.

Dungeon Overview and Level Annotations

Branches:
Dungeon (0/15)

Altars:


Innate Abilities, Weirdness & Mutations

You have very sharp teeth.
Your uncanny sense of smell can sniff out nearby items.
Your experience applies equally to all skills.
You are partially covered in iridescent scales. (AC +2)
You are frail. (-10% HP)


Message History

The lich shouts!
The ufetubus barely misses you. The ufetubus closely misses you.
The ufetubus misses you. The ufetubus hits you.
The ufetubus barely misses you. x2
The ufetubus hits you.
The ufetubus hits you but does no damage.
Found 28 sling bullets.
The ufetubus hits you but does no damage.
The ufetubus barely misses you.
A neqoxec comes into view.
The ufetubus closely misses you. The ufetubus misses you.
You hit the ufetubus.
The ufetubus is heavily wounded.
The ufetubus barely misses you. x2
You miss the ufetubus.
The ufetubus is heavily wounded.
The ufetubus barely misses you. The ufetubus hits you.
The neqoxec gestures at you.
Strange energies course through your body.
You feel frail. The ufetubus barely misses you. The ufetubus hits you.
You hit the ufetubus.
You kill the ufetubus!
You feel ill. The smoke demon gestures at you. The sticky flame misses you.
The lich mumbles some strange words.
The lich seems to speed up.
The lich conjures an orb of pure magic.
An orb of destruction comes into view.
The orb of destruction hits a stone wall.
The neqoxec gestures at you.
Strange energies course through your body.
Iridescent scales grow over part of your body.
The smoke demon gestures at you. Something smites you!
Ouch! That really hurt!
* * * LOW HITPOINT WARNING * * *
The lich touches you!
You die...

# ##....#.L.#
#.##...#.x###(#
......#.#...#..#
#......#3.#3.#
..#.#...#..#.#
......##3..##.3
..#.#.##.#.# .
.. .#...## . . #
.. ###L@.# #...
#.### # . ### .


You could see a lich (fast), an ancient zyme, a smoke demon and a neqoxec.

Vanquished Creatures
  An ufetubus (Abyss:1)
1 creature vanquished.

Notes
Turn   | Place    | Note
-------+----------+-------------------------------------------
     0 | Abyss:1  | Gargoyl the Gnoll Abyssal Knight began the quest for the
                  | Orb.
     0 | Abyss:1  | Reached XP level 1. HP: 23/23 MP: 3/3
    42 | Abyss:1  | Found a corrupted altar of Lugonu.
   136 | Abyss:1  | Noticed a smoke demon
   137 | Abyss:1  | Noticed an ancient zyme
   143 | Abyss:1  | Noticed a lich
   150 | Abyss:1  | Noticed a neqoxec
   152 | Abyss:1  | Gained mutation: You are frail. (-10% HP) [a neqoxec]
   158 | Abyss:1  | Gained mutation: You are partially covered in iridescent
                  | scales. (AC +2) [a neqoxec]
   163 | Abyss:1  | Slain by a lich

Illustrated notes

Levels and vault maps discovered:
Abyss:1:  base: Temple, small_statue_intersection, evilmike_abyss_exit_12, base:
          Temple, minivault_19

Action                   || total
-------------------------++-------
Melee: Hand axe          ||     3
Armor: Leather armour    ||     2
Dodge: Dodged            ||    13

Table legend: (Time is in decaauts)
 A = Elapsed time spent in this place.
 B = Non-inter-level travel time spent in this place.
 C = Inter-level travel time spent in this place.
 D = Time resting spent in this place.
 E = Time spent auto-exploring this place.
 F = Levels seen in this place.
 G = Mean time per level.
                   A        B        C        D        E       F      G
               +--------+--------+--------+--------+--------+-----+--------+
         Total |    163 |    163 |      0 |      0 |    136 |   1 |  163.0 |
         Abyss |    163 |    163 |      0 |      0 |    136 |   1 |  163.0 |
               +--------+--------+--------+--------+--------+-----+--------+

Top non-repeatable levels by time:
 Abyss:1: 163 daAuts
